TOP OF THE 1ST |
Round Rock Express batting - Pitching for Albuquerque Dukes : RHP Peter Chapin
|
Pitching: RHP Peter Chapin
|
|
Batting: LHB Steve Lyons
|
0-0: Called Strike 0-1: Swinging Strike 0-2: Foul Ball, location: 2F 0-2: Strikes out swinging
|
Batting: LHB Buck Showalter
|
0-0: Ball 1-0: Called Strike 1-1: Swinging Strike 1-2: Ball 2-2: TRIPLE (Flyball, 9LD, EV 92.5 MPH)
|
Batting: RHB Alejandro Sanchez
|
0-0: Reached on error, E5 (Groundball, 56, EV 85.0 MPH) Buck Showalter scores
|
Batting: LHB Al Chambers
|
0-0: Called Strike 0-1: Ball 1-1: Foul Ball, location: 2F 1-2: Foul Ball, location: 2F 1-2: Foul Ball, location: 2F 1-2: Ball 2-2: Fly out, F5 (Popup, 5SF, EV 64.4 MPH)
|
Batting: RHB Martyn Maxwell
|
0-0: Ball 1-0: Fly out, F6 (Popup, 6D, EV 53.8 MPH)
|
Top of the 1st over - 1 run, 1 hit, 1 error, 1 left on base; Round Rock 1 - Albuquerque 0 |
BOTTOM OF THE 1ST |
Albuquerque Dukes batting - Pitching for Round Rock Express : RHP Jesus Manaure
|
Pitching: RHP Jesus Manaure
|
|
Batting: LHB Andres Romero
|
0-0: Fly out, F3 (Popup, 3SF, EV 73.1 MPH)
|
Batting: RHB Steven Patterson
|
0-0: Fly out, F9 (Flyball, 9D, EV 88.1 MPH)
|
Batting: LHB Dave Yobs
|
0-0: Foul Ball, location: 2F 0-1: Ball 1-1: DOUBLE (Groundball, 3L, EV 104.4 MPH)
|
Batting: RHB George Foussianes
|
0-0: Called Strike 0-1: Called Strike 0-2: Ball 1-2: Strikes out swinging
|
Bottom of the 1st over - 0 runs, 1 hit, 0 errors, 1 left on base; Round Rock 1 - Albuquerque 0 |
TOP OF THE 2ND |
Round Rock Express batting - Pitching for Albuquerque Dukes : RHP Peter Chapin
|
Batting: LHB Dave Sanchez
|
0-0: Called Strike 0-1: Ball 1-1: Foul Ball, location: 2F 1-2: Ball 2-2: Foul Ball, location: 2F 2-2: Ball 3-2: Ground out 4-3 (Groundball, 4, EV 90.0 MPH)
|
Batting: LHB James Jennings
|
0-0: Foul Ball, location: 2F 0-1: Ball 1-1: Ball 2-1: Ball 3-1: Base on Balls
|
Batting: RHB Mike Sodders
|
0-0: Ball 1-0: Ball 2-0: Foul Ball, location: 2F 2-1: Called Strike 2-2: Ball 3-2: 2-RUN HOME RUN (Line Drive, 89XD, EV 99.4 MPH), Distance : 448 ft
|
Batting: RHB Val Medina
|
0-0: Hit by Pitch
|
Batting: LHB Steve Lyons
|
0-0: Ball 1-0: Ball 2-0: Ball 3-0: Called Strike 3-1: Foul Ball, location: 2F 3-2: SINGLE (Flyball, 78S, EV 94.4 MPH) Val Medina to second
|
Batting: LHB Buck Showalter
|
0-0: Ball 1-0: Ball 2-0: Foul Ball, location: 2F 2-1: Fly out, F8 (Line Drive, 8RM, EV 96.3 MPH)
|
Batting: RHB Alejandro Sanchez
|
0-0: Swinging Strike 0-1: Swinging Strike 0-2: Foul Ball, location: 2F 0-2: Fielders Choice at 2nd, 6-4 (Groundball, 6, EV 81.9 MPH)
|
Top of the 2nd over - 2 runs, 2 hits, 0 errors, 2 left on base; Round Rock 3 - Albuquerque 0 |
BOTTOM OF THE 2ND |
Albuquerque Dukes batting - Pitching for Round Rock Express : RHP Jesus Manaure
|
Batting: LHB Matthew Henderson
|
0-0: Called Strike 0-1: SINGLE (Line Drive, 78S, EV 93.1 MPH)
|
Batting: RHB James Oros
|
0-0: Swinging Strike 0-1: Ball 1-1: Swinging Strike 1-2: Strikes out swinging
|
Batting: LHB John Elder
|
0-0: Ball 1-0: Ball 2-0: Called Strike 2-1: Ball 3-1: Called Strike 3-2: Base on Balls Matthew Henderson to second
|
Batting: RHB Mark Maher
|
0-0: Ball 1-0: Ball 2-0: Called Strike 2-1: Swinging Strike 2-2: Strikes out swinging
|
Batting: RHB Kevin Harvey
|
0-0: Ball 1-0: Ball 2-0: Ball 3-0: Called Strike 3-1: Base on Balls Matthew Henderson to third John Elder to second
|
Batting: LHB Andres Romero
|
0-0: Called Strike 0-1: Swinging Strike 0-2: Ball 1-2: Ball 2-2: Strikes out swinging
|
Bottom of the 2nd over - 0 runs, 1 hit, 0 errors, 3 left on base; Round Rock 3 - Albuquerque 0 |
TOP OF THE 3RD |
Round Rock Express batting - Pitching for Albuquerque Dukes : RHP Peter Chapin
|
Batting: LHB Al Chambers
|
0-0: Ball 1-0: Foul Ball, location: 2F 1-1: Foul Ball, location: 2F 1-2: SOLO HOME RUN (Flyball, 9D, EV 110.6 MPH), Distance : 369 ft
|
Batting: RHB Martyn Maxwell
|
0-0: Called Strike 0-1: Ball 1-1: Ball 2-1: Called Strike 2-2: Strikes out swinging
|
Batting: LHB Dave Sanchez
|
0-0: Ball 1-0: Foul Ball, location: 2F 1-1: Swinging Strike 1-2: Ball 2-2: Fly out, F8 (Flyball, 8RXD, EV 105.6 MPH)
|
Batting: LHB James Jennings
|
0-0: Called Strike 0-1: Called Strike 0-2: Strikes out looking
|
Top of the 3rd over - 1 run, 1 hit, 0 errors, 0 left on base; Round Rock 4 - Albuquerque 0 |
BOTTOM OF THE 3RD |
Albuquerque Dukes batting - Pitching for Round Rock Express : RHP Jesus Manaure
|
Batting: RHB Steven Patterson
|
0-0: Ball 1-0: Ball 2-0: Ball 3-0: Base on Balls
|
Batting: LHB Dave Yobs
|
0-0: Called Strike 0-1: Ball 1-1: Ball 2-1: Ball 3-1: Base on Balls Steven Patterson to second
|
Batting: RHB George Foussianes
|
0-0: Ball 1-0: Foul Ball, location: 2F 1-1: Ball 2-1: Called Strike 2-2: Fly out, F4 (Popup, 4MD, EV 73.8 MPH)
|
Batting: LHB Matthew Henderson
|
0-0: Ball Steven Patterson steals 3rd base Dave Yobs to second 1-0: Called Strike 1-1: Ball 2-1: Foul Ball, location: 2F 2-2: Strikes out looking
|
Batting: RHB James Oros
|
0-0: Ball 1-0: Ball 2-0: Ball 3-0: Base on Balls
|
Batting: LHB John Elder
|
0-0: Ball 1-0: Foul Ball, location: 2F 1-1: Swinging Strike 1-2: Foul Ball, location: 2F 1-2: Fly out, F5 (Line Drive, 5, EV 72.5 MPH)
|
Bottom of the 3rd over - 0 runs, 0 hits, 0 errors, 3 left on base; Round Rock 4 - Albuquerque 0 |
TOP OF THE 4TH |
Round Rock Express batting - Pitching for Albuquerque Dukes : RHP Peter Chapin
|
Batting: RHB Mike Sodders
|
0-0: Called Strike 0-1: Fly out, F3 (Popup, 34, EV 57.5 MPH)
|
Batting: RHB Val Medina
|
0-0: Ground out 1-3 (Groundball, 13S, EV 62.5 MPH)
|
Batting: LHB Steve Lyons
|
0-0: Called Strike 0-1: Ball 1-1: Ball 2-1: Ground out 4-3 (Groundball, 4, EV 88.1 MPH)
|
Top of the 4th over - 0 runs, 0 hits, 0 errors, 0 left on base; Round Rock 4 - Albuquerque 0 |
BOTTOM OF THE 4TH |
Albuquerque Dukes batting - Pitching for Round Rock Express : RHP Jesus Manaure
|
Batting: RHB Mark Maher
|
0-0: Foul Ball, location: 2F 0-1: Ball 1-1: Called Strike 1-2: Ball 2-2: Fly out, F8 (Flyball, 8RM, EV 83.8 MPH)
|
Batting: RHB Kevin Harvey
|
0-0: Called Strike 0-1: Foul Ball, location: 2F 0-2: Ball 1-2: Ball 2-2: SINGLE (Groundball, P, EV 83.1 MPH) (infield hit)
|
Batting: LHB Andres Romero
|
0-0: Foul Ball, location: 2F 0-1: Grounds into double play, 4-6-3 (Groundball, 4M, EV 81.3 MPH)
|
Bottom of the 4th over - 0 runs, 1 hit, 0 errors, 0 left on base; Round Rock 4 - Albuquerque 0 |
TOP OF THE 5TH |
Round Rock Express batting - Pitching for Albuquerque Dukes : RHP Peter Chapin
|
Batting: LHB Buck Showalter
|
0-0: Ball 1-0: Foul Ball, location: 2F 1-1: TRIPLE (Flyball, 78XD, EV 101.9 MPH)
|
Batting: RHB Alejandro Sanchez
|
0-0: Called Strike 0-1: Ball 1-1: Ball 2-1: Ball Wild Pitch! Buck Showalter scores 3-1: DOUBLE (Line Drive, 8RXD, EV 109.4 MPH)
|
Batting: LHB Al Chambers
|
0-0: Ball 1-0: Swinging Strike 1-1: Ball 2-1: Ball 3-1: Called Strike 3-2: Foul Ball, location: 2F 3-2: Base on Balls
|
Batting: RHB Martyn Maxwell
|
0-0: Ball 1-0: Fly out, F7 (Flyball, 7D, EV 90.0 MPH) Runner from 2nd tags up, SAFE at 3rd with throw by LF
|
Batting: LHB Dave Sanchez
|
0-0: Ball Al Chambers is caught stealing 2nd base 2-6 1-0: Ground out 4-3 (Groundball, 4, EV 95.0 MPH)
|
Top of the 5th over - 1 run, 2 hits, 0 errors, 1 left on base; Round Rock 5 - Albuquerque 0 |
BOTTOM OF THE 5TH |
Albuquerque Dukes batting - Pitching for Round Rock Express : RHP Jesus Manaure
|
Batting: RHB Steven Patterson
|
0-0: Ball 1-0: Called Strike 1-1: Ball 2-1: Ball 3-1: Foul Ball, location: 2F 3-2: Ground out 6-3 (Groundball, 6M, EV 101.9 MPH)
|
Batting: LHB Dave Yobs
|
0-0: Ball 1-0: Ball 2-0: Called Strike 2-1: Called Strike 2-2: Strikes out looking
|
Batting: RHB George Foussianes
|
0-0: Ball 1-0: Ball 2-0: Ground out 4-3 (Groundball, 4, EV 82.5 MPH)
|
Bottom of the 5th over - 0 runs, 0 hits, 0 errors, 0 left on base; Round Rock 5 - Albuquerque 0 |
TOP OF THE 6TH |
Round Rock Express batting - Pitching for Albuquerque Dukes : RHP Peter Chapin
|
Batting: LHB James Jennings
|
0-0: Ball 1-0: Ball 2-0: Ball 3-0: Base on Balls
|
Batting: RHB Mike Sodders
|
0-0: Ball 1-0: Ball 2-0: Called Strike 2-1: Ball 3-1: Base on Balls James Jennings to second
|
Batting: RHB Val Medina
|
0-0: Ball 1-0: Foul Ball, location: 2F 1-1: Ball 2-1: Ball 3-1: Foul Ball, location: 2F 3-2: Strikes out looking
|
Batting: LHB Steve Lyons
|
0-0: Called Strike 0-1: Ball 1-1: Called Strike 1-2: Reached on error, E4 (Groundball, 4, EV 83.1 MPH) James Jennings to third Mike Sodders to second
|
Batting: LHB Buck Showalter
|
0-0: Fielders Choice at 2nd, 3-6 (Groundball, 3S, EV 80.6 MPH) James Jennings scores Mike Sodders to third
|
Batting: RHB Alejandro Sanchez
|
0-0: Called Strike 0-1: Ball 1-1: Ball 2-1: Ground out 5-3 (Groundball, 56S, EV 85.6 MPH)
|
Top of the 6th over - 1 run, 0 hits, 1 error, 2 left on base; Round Rock 6 - Albuquerque 0 |
BOTTOM OF THE 6TH |
Albuquerque Dukes batting - Pitching for Round Rock Express : RHP Jesus Manaure
|
Batting: LHB Matthew Henderson
|
0-0: Ball 1-0: Ball 2-0: Called Strike 2-1: Foul Ball, location: 2F 2-2: Strikes out swinging
|
Batting: RHB James Oros
|
0-0: Ball 1-0: Foul Ball, location: 2F 1-1: Fly out, F9 (Flyball, 9LD, EV 110.0 MPH)
|
Batting: LHB John Elder
|
0-0: Ball 1-0: Ball 2-0: Called Strike 2-1: SINGLE (Line Drive, 5D, EV 101.9 MPH)
|
Batting: RHB Mark Maher
|
0-0: Called Strike 0-1: Ball 1-1: Ball 2-1: Called Strike 2-2: Foul Ball, location: 2F 2-2: Foul Ball, location: 2F 2-2: DOUBLE (Line Drive, 7LS, EV 96.9 MPH) John Elder to third Runner from 3rd tries for Home, SAFE, no throw by LF
|
Batting: RHB Kevin Harvey
|
0-0: Ball 1-0: SINGLE (Groundball, 56, EV 94.4 MPH) Mark Maher to third Runner from 3rd tries for Home, SAFE, throw by LF to home
|
Batting: LHB Andres Romero
|
0-0: Ball 1-0: Ball Kevin Harvey steals 2nd base 2-0: Ball 3-0: Base on Balls
|
Batting: RHB Steven Patterson
|
0-0: Ball 1-0: Ground out 5-3 (Groundball, 56S, EV 80.0 MPH)
|
Bottom of the 6th over - 2 runs, 3 hits, 0 errors, 2 left on base; Round Rock 6 - Albuquerque 2 |
TOP OF THE 7TH |
Round Rock Express batting - Pitching for Albuquerque Dukes : RHP Peter Chapin
|
Pitching: LHP Tom Chevolek
|
|
Batting: LHB Al Chambers
|
0-0: Ball 1-0: Ball 2-0: Fly out, F4 (Popup, 34S, EV 67.5 MPH)
|
Batting: RHB Martyn Maxwell
|
0-0: Fly out, F7 (Flyball, 7LS, EV 90.0 MPH)
|
Batting: LHB Dave Sanchez
|
0-0: Fly out, F7 (Flyball, 7, EV 87.5 MPH)
|
Top of the 7th over - 0 runs, 0 hits, 0 errors, 0 left on base; Round Rock 6 - Albuquerque 2 |
BOTTOM OF THE 7TH |
Albuquerque Dukes batting - Pitching for Round Rock Express : RHP Jesus Manaure
|
Batting: LHB Dave Yobs
|
0-0: Ball 1-0: Fly out, F9 (Flyball, 9, EV 88.8 MPH)
|
Batting: RHB George Foussianes
|
0-0: Ball 1-0: Foul Ball, location: 2F 1-1: Called Strike 1-2: SINGLE (Line Drive, 78M, EV 93.8 MPH)
|
Batting: LHB Matthew Henderson
|
0-0: Ball 1-0: Ball 2-0: Foul Ball, location: 2F 2-1: Foul Ball, location: 2F 2-2: Ball 3-2: Foul Ball, location: 2F 3-2: Base on Balls George Foussianes to second
|
Batting: RHB James Oros
|
0-0: Called Strike 0-1: Fly out, F7 (Flyball, 7, EV 83.1 MPH)
|
Batting: LHB John Elder
|
0-0: Swinging Strike 0-1: Foul Ball, location: 2F 0-2: Ball 1-2: Ball 2-2: Strikes out swinging
|
Bottom of the 7th over - 0 runs, 1 hit, 0 errors, 2 left on base; Round Rock 6 - Albuquerque 2 |
TOP OF THE 8TH |
Round Rock Express batting - Pitching for Albuquerque Dukes : LHP Tom Chevolek
|
Batting: LHB James Jennings
|
0-0: Swinging Strike 0-1: Foul Ball, location: 2F 0-2: Foul Ball, location: 2F 0-2: Foul Ball, location: 2F 0-2: Foul Ball, location: 2F 0-2: Foul Ball, location: 2F 0-2: Ball 1-2: Foul Ball, location: 2F 1-2: Foul Ball, location: 2F 1-2: SINGLE (Popup, 6D, EV 66.3 MPH)
|
Batting: RHB Mike Sodders
|
0-0: Grounds into double play, 1-4-3 (Groundball, 15, EV 75.0 MPH)
|
Batting: RHB Val Medina
|
0-0: Ball 1-0: Ball 2-0: Fly out, F8 (Flyball, 8RD, EV 85.6 MPH)
|
Top of the 8th over - 0 runs, 1 hit, 0 errors, 0 left on base; Round Rock 6 - Albuquerque 2 |
BOTTOM OF THE 8TH |
Albuquerque Dukes batting - Pitching for Round Rock Express : RHP Jesus Manaure
|
Batting: RHB Mark Maher
|
0-0: Called Strike 0-1: SINGLE (Line Drive, 6D, EV 95.0 MPH)
|
Batting: RHB Kevin Harvey
|
0-0: Ball 1-0: Foul Ball, location: 2F 1-1: Ball 2-1: Ball 3-1: Grounds into double play, 6-4-3 (Groundball, 6, EV 78.8 MPH)
|
Batting: LHB Andres Romero
|
0-0: Foul Ball, location: 2F 0-1: Called Strike 0-2: Foul Ball, location: 2F 0-2: Ball 1-2: Ball 2-2: Strikes out swinging
|
Bottom of the 8th over - 0 runs, 1 hit, 0 errors, 0 left on base; Round Rock 6 - Albuquerque 2 |
TOP OF THE 9TH |
Round Rock Express batting - Pitching for Albuquerque Dukes : LHP Tom Chevolek
|
Batting: LHB Steve Lyons
|
0-0: Ball 1-0: Swinging Strike 1-1: Called Strike 1-2: Strikes out swinging
|
Batting: LHB Buck Showalter
|
0-0: Called Strike 0-1: Ball 1-1: SINGLE (Line Drive, 56, EV 95.0 MPH)
|
Batting: RHB Alejandro Sanchez
|
0-0: Called Strike 0-1: Called Strike 0-2: Ball 1-2: Strikes out swinging
|
Batting: LHB Al Chambers
|
0-0: Called Strike 0-1: Foul Ball, location: 2F 0-2: Ball 1-2: Ground out U3 (Groundball, 3S, EV 85.0 MPH)
|
Top of the 9th over - 0 runs, 1 hit, 0 errors, 1 left on base; Round Rock 6 - Albuquerque 2 |
BOTTOM OF THE 9TH |
Albuquerque Dukes batting - Pitching for Round Rock Express : RHP Jesus Manaure
|
Pitching: LHP Ronald Wrobel
|
|
Batting: RHB Steven Patterson
|
0-0: Called Strike 0-1: Swinging Strike 0-2: Foul Ball, location: 2F 0-2: Fly out, F4 (Popup, 4S, EV 78.8 MPH)
|
Batting: LHB Dave Yobs
|
0-0: Ball 1-0: Foul Ball, location: 2F 1-1: Ball 2-1: Swinging Strike 2-2: Strikes out swinging
|
Batting: RHB George Foussianes
|
0-0: Called Strike 0-1: Ball 1-1: Ball 2-1: Foul Ball, location: 2F 2-2: Strikes out swinging, 2-3 out at first.
|
Bottom of the 9th over - 0 runs, 0 hits, 0 errors, 0 left on base; Round Rock 6 - Albuquerque 2 |
|